[Event "Team 45 45 League T99"]
[Site "Internet Chess Club"]
[Date "2024.03.09"]
[Round "4"]
[White "seattleblues"]
[Black "rjhoro"]
[Result "1-0"]
[WhiteElo "1341"]
[BlackElo "1210"]
[Opening "QGD Slav: 4.Nc3"]
[ECO "D15"]
[Time "19:01:28"]
[PlyCount "75"]
[TimeControl "2700+45"]

1. d4 d5 2. Nf3 Nf6 3. c4 c6 4. Nc3 Bf5 5. Qb3 Qd7 6. Ne5 Qd8 7. Qxb7 Nbd7 8.
Nxc6 Qc8 9. Qxc8+ Rxc8 10. Nxa7 Rc7 11. Nab5 Rb7 12. cxd5 Nb6 13. d6 e6 14. Bf4
Nbd5 15. Nc7+ Nxc7 16. dxc7 Kd7 17. Rc1 Bd6 18. Bxd6 Kxd6 19. Na4 Rc8 20. e3
Rbxc7 21. Nc5 Nd7 22. b4 Nxc5 23. dxc5+ Kc6 24. Be2 Rb8 25. a3 Ra7 26. Rc3 e5
27. O-O Rba8 28. Ra1 Ra4 29. b5+ Kc7 30. b6+ Kc6 31. h3 R8a5 32. Rac1 Rxa3 33.
Rxa3 Rxa3 34. g4 Bc8 35. Bf3+ Kb5 36. b7 Bxb7 37. Bxb7 Ra7 38. c6 {Black
resigns} 1-0

[Event "Team 45 45 League T99"]
[Site "Internet Chess Club"]
[Date "2024.03.10"]
[Round "4"]
[White "Toalla"]
[Black "ticktockman"]
[Result "0-1"]
[WhiteElo "1077"]
[BlackElo "1178"]
[Opening "Queen's pawn: English defense"]
[ECO "A40"]
[Time "14:01:57"]
[PlyCount "78"]
[TimeControl "2700+45"]

1. d4 b6 2. Bf4 Bb7 3. Nf3 d5 4. c3 e6 5. e3 Nf6 6. Nbd2 g6 7. Be2 Bg7 8. Ne5
O-O 9. Qc2 Nbd7 10. O-O a5 11. a4 Qc8 12. Ndf3 Nh5 13. Nxd7 Qxd7 14. Ne5 Bxe5
15. Bxe5 Ng7 16. Bxg7 Kxg7 17. f4 Qc8 18. Rac1 Ba6 19. g4 Bxe2 20. Qxe2 Qa6 21.
Rc2 Qxe2 22. Rxe2 f5 23. Rg2 Rac8 24. h4 c5 25. gxf5 exf5 26. h5 Rf6 27. hxg6
Rxg6 28. b3 cxd4 29. exd4 Rxc3 30. Rxg6+ hxg6 31. Re1 Rxb3 32. Re6 b5 33. axb5
Rxb5 34. Rd6 a4 35. Rd7+ Kf6 36. Rd6+ Kg7 37. Rd7+ Kh6 38. Ra7 Rb4 39. Ra5 Rxd4
{White resigns} 0-1